 Dungeon Crawl Stone Soup version 0.31-a0-831-g143b1e81fc (webtiles) character file.

Game seed: 1069280342027731922

70 Dirtsage the Chopper (level 4, -11/35 HPs)
             Began as a Demonspawn Fighter on Sept 24, 2023.
             Killed by nerve-wracking pain
             ... invoked by Grinder
              (13 damage)
             ... on level 3 of the Dungeon.
             The game lasted 00:02:41 (1449 turns).

Dirtsage the Chopper (Demonspawn Fighter)           Turns: 1449, Time: 00:02:41

Health: -11/35     AC:  6    Str: 24    XL:     4   Next: 4%
Magic:  4/4        EV:  9    Int: 10    God:
Gold:   100        SH:  4    Dex: 12    Spells: 3/3 levels left

rFire   . . .        a - +0 war axe
rCold   . . .        c - +0 buckler
rNeg    . . .        b - +0 scale mail
rPois   .            (no helmet)
rElec   .            (no cloak)
rCorr   .            (no gloves)
SInv    .            (no boots)
Will    .....        (no amulet) Stlth
                     h - +6 ring of strength
HPRegen 0.25/turn    (no ring)
MPRegen 0.18/turn

%: no passive effects
@: mighty
A: hooves 1, magic regeneration
a: no special abilities


You were on level 3 of the Dungeon.
You visited 1 branch of the dungeon, and saw 3 of its levels.

You collected 100 gold pieces.

Inventory:

Hand Weapons
 a - a +0 war axe (weapon)
Missiles
 i - a throwing net
Armour
 b - a +0 scale mail (worn)
 c - a +0 buckler (worn)
 j - a +0 pair of gloves
Jewellery
 h - a +6 ring of strength (left hand)
Scrolls
 e - a scroll of poison {unknown}
 f - a scroll of noise {unknown}
Potions
 g - a potion of curing {unknown}


   Skills:
 - Level 3.0 Fighting
 + Level 4.0 Axes
 - Level 2.6 Armour
 - Level 2.6 Shields


You had 3 spell levels left.
You didn't know any spells.
Your spell library contained the following spells:

 Spells                   Type           Power      Damage    Failure   Level
 Stone Arrow              Conj/Erth      0%         3d7       98%         3
 Animate Armour           Summ/Erth      0%         N/A       100%        4
 Lehudib's Crystal Spear  Conj/Erth      0%         10d2      100%        8


Dungeon Overview and Level Annotations

Branches:
Dungeon (3/15)

Altars:

Shops:
D:1 :[:

Annotations:
D:3 Grinder


Innate Abilities, Weirdness & Mutations

You have large cloven feet.
You regenerate magic rapidly.


Message History

Grinder is heavily wounded.
You slash the worm!
You kill the worm!
Grinder gestures at you.
You suddenly lose the ability to move!
Grinder says, "There's only one good use for a tongue: cutting it out."
Grinder gestures at you.
You shrug off the repeated paralysis!
The goblin hits you with a +0 dagger.
Your Axes skill increases to level 4!
You have reached level 4!
You feel clever.
Your demonic ancestry asserts itself...
Your magic begins to regenerate rapidly.
Grinder gestures at you. Pain shoots through your body!
The goblin completely misses you. Grinder hits you!
* * * LOW HITPOINT WARNING * * *
You writhe in agony.
* * * LOW HITPOINT WARNING * * *
The goblin hits you but does no damage. The adder bites you but does no damage.
The adder bites you but does no damage. Grinder gestures at you.
You shrug off the repeated paralysis!
The goblin hits you with a +0 dagger.
* * * LOW HITPOINT WARNING * * *
The adder bites you.
* * * LOW HITPOINT WARNING * * *
Grinder hits you but does no damage. The goblin hits you but does no damage.
You can move again.
You take 18 damage, and have 1/35 hp.
MASSIVE DAMAGE!!
MP restored: 4 Unknown command.
Unknown command.
You closely miss Grinder. You kick Grinder!
Grinder is severely wounded.
You closely miss the adder. You slash the goblin!
You kill the goblin!
The adder barely misses you. Grinder gestures at you.
Pain shoots through your body!
You die...
Grinder says, "Now the real fun starts!"

## ##. ..#####
#.....# #.....#
#.....#
#.S...######
#K5@.......#
......)..†....$#
................
.....#####.....#
..... .....#
.... ..#### ...
.. ... ..$


You could see Grinder, an adder and a kobold.

Vanquished Creatures
  3 adders (D:2)
  2 worms
  A dart slug (D:2)
  3 ball pythons (D:2)
  4 bats
  4 endoplasms
  4 goblins
  3 hobgoblins (D:1)
  3 kobolds
  2 quokkas
  3 frilled lizards
  5 rats
37 creatures vanquished.

Notes
Turn   | Place    | Note
-------+----------+-------------------------------------------
     0 | D:1      | Dirtsage the Demonspawn Fighter began the quest for the
                  | Orb.
     0 | D:1      | Reached XP level 1. HP: 18/18 MP: 1/1
    32 | D:1      | Found Hataodd's Antique Armour Shop.
    86 | D:1      | Reached skill level 2 in Axes
   120 | D:1      | Gained mutation: You have large cloven feet. [demonic
                  | ancestry]
   120 | D:1      | Reached XP level 2. HP: 24/24 MP: 2/2
   229 | D:1      | Found Biezomp's Book Shop.
   453 | D:1      | Found Boconk's Book Boutique.
   633 | D:2      | Reached skill level 3 in Axes
   633 | D:2      | Reached XP level 3. HP: 29/29 MP: 3/3
  1426 | D:3      | Noticed Grinder
  1444 | D:3      | Paralysed by Grinder for 5 turns
  1445 | D:3      | Reached skill level 4 in Axes
  1445 | D:3      | Gained mutation: You regenerate magic rapidly. [demonic
                  | ancestry]
  1445 | D:3      | Reached XP level 4. HP: 22/35 MP: 4/4
  1448 | D:3      | HP: 1/35 [adder (1)]
  1449 | D:3      | Killed from afar by Grinder

Illustrated notes

Levels and vault maps discovered:
D:1:      noname_arrival_rooms_in_the_neighbourhood, layout_basic, serial_shops,
          shop, nicolae_square_shop, shop
D:2:      layout_basic
D:3:      layout_rooms, minmay_misc_feat_room, uniq_jessica, uniq_natasha,
          uniq_grinder

Skill      XL: |  1  2  3 |
---------------+----------+-----
Axes           | 2 3 4 |  4.0
Fighting       | |  3.0
Armour         | |  2.6
Shields        | |  2.6

Action                     |  1- 3 |  4- 6 || total
---------------------------+-------+-------++-------
  Melee: War axe           |    86 |     1 ||    87
         Kick              |    16 |     1 ||    17
    Use: Potion            |     1 |       ||     1
 Armour: Scale mail        |    45 |     8 ||    53
  Dodge: Dodged            |    40 |     2 ||    42
  Block: Buckler           |    28 |       ||    28

Table legend: (Time is in decaauts)
 A = Elapsed time spent in this place.
 B = Non-inter-level travel time spent in this place.
 C = Inter-level travel time spent in this place.
 D = Time resting spent in this place.
 E = Time spent auto-exploring this place.
 F = Levels seen in this place.
 G = Mean time per level.
                   A        B        C        D        E       F      G
               +--------+--------+--------+--------+--------+-----+--------+
         Total |   1481 |   1424 |     57 |      0 |   1197 |   3 |  493.7 |
       Dungeon |   1481 |   1424 |     57 |      0 |   1197 |   3 |  493.7 |
               +--------+--------+--------+--------+--------+-----+--------+

Top non-repeatable levels by time:
     D:2: 824 daAuts
     D:1: 631 daAuts
     D:3: 25 daAuts
